 Dungeon Crawl Stone Soup version 0.31-a0-1074-g0b22e4e0f1 (webtiles) character file.

Game seed: 12412998950691031102

114 Dirtsage the Slasher (level 4, -5/35 HPs)
             Began as a Demonspawn Monk on Nov 26, 2023.
             Killed by divine providence
             ... invoked by an orc priest
              (14 damage)
             ... on level 3 of the Dungeon.
             The game lasted 00:03:21 (2069 turns).

Dirtsage the Slasher (Demonspawn Monk)              Turns: 2069, Time: 00:03:22

Health: -5/35      AC:  7    Str: 11    XL:     4   Next: 67%
Magic:  4/4        EV: 12    Int: 16    God:
Gold:   77         SH:  0    Dex: 18    Spells: 3/3 levels left

rFire   . . .        a - +0 falchion
rCold   . . .        d - orb {light}
rNeg    . . .        j - +0 leather armour
rPois   .            n - +2 helmet {Int+3}
rElec   .            (no cloak)
rCorr   .            l - +0 pair of gloves
SInv    .            (no boots)
Will    .....        (no amulet)
Stlth   +            (no ring)
HPRegen 0.25/turn    (no ring)
MPRegen 0.09/turn

%: no passive effects
@: confused, ambrosia-drunk, glowing
A: hooves 1, big brain 1
a: no special abilities


You were on level 3 of the Dungeon.
You visited 1 branch of the dungeon, and saw 3 of its levels.

You collected 77 gold pieces.

Inventory:

Hand Weapons
 a - a +0 falchion (weapon)
Armour
 b - a +0 robe
 d - an orb of light (worn)
 j - a +0 leather armour (worn)
 l - a +0 pair of gloves (worn)
 n - a +2 helmet of intelligence (worn)
Scrolls
 f - a scroll of acquirement {unknown}
 g - 2 scrolls of enchant weapon {unknown}
 i - 2 scrolls of fear {unknown}
 k - a scroll of vulnerability {unknown}
 r - 2 scrolls of torment {unknown}
 s - a scroll of enchant armour {unknown}
Potions
 e - 2 potions of brilliance {unknown}
 h - a potion of heal wounds {unknown}
 m - 2 potions of invisibility {unknown}
 o - a potion of berserk rage {unknown}
 p - a potion of cancellation {unknown}
 q - a potion of degeneration {unknown}


   Skills:
 - Level 3.0 Fighting
 + Level 5.0 Long Blades
 - Level 2.6 Dodging


You had 3 spell levels left.
You didn't know any spells.
Your spell library contained the following spells:

 Spells                   Type           Power      Damage    Failure   Level
 Slow                     Hex            0%         N/A       32%         1
 Poisonous Vapours        Pois/Air       0%         N/A       45%         2
 Confusing Touch          Hex            0%         N/A       69%         3
 Mephitic Cloud           Conj/Pois/Air  0%         N/A       69%         3
 Sigil of Binding         Hex            0%         N/A       69%         3
 Vampiric Draining        Necr           0%         2d6       69%         3
 Freezing Cloud           Conj/Ice/Air   0%         6-21      100%        5


Dungeon Overview and Level Annotations

Branches:
Dungeon (3/15)

Altars:


Innate Abilities, Weirdness & Mutations

You have large cloven feet.
You have an unusually large brain. (Int +2)


Message History

The orc wizard is healed somewhat.
The orc wizard hits you but does no damage.
You hit the orc wizard. Your kick misses the orc wizard.
The orc wizard is moderately wounded.
The orc wizard hits you but does no damage.
The orc priest calls down the wrath of Beogh upon you.
Beogh smites you!
You take 14 damage, and have 17/35 hp.
MASSIVE DAMAGE!!
You hit the orc wizard. You kick the orc wizard.
The orc wizard is almost dead.
The orc wizard casts a spell at you. You resist with some effort.
You slash the orc wizard!
You kill the orc wizard!
Your Long Blades skill increases to level 5!
You hit the orc priest.
The orc priest is lightly wounded.
The orc priest hits you with a +0 hand axe.
You take 1 damage, and have 17/35 hp.
You completely miss the orc priest. You kick the orc priest.
The orc priest is heavily wounded.
The orc priest invokes the aid of Beogh against you.
Beogh smites you!
* * * LOW HITPOINT WARNING * * *
You take 8 damage, and have 9/35 hp.
MASSIVE DAMAGE!!
You hit the orc priest but do no damage.
You kick the orc priest, but do no damage.
The orc priest is heavily wounded.
The orc priest hits you with a +0 hand axe.
* * * LOW HITPOINT WARNING * * *
You take 6 damage, and have 3/35 hp.
You are confused.
You feel invigorated.
The orc priest begins to cast a cantrip, but forgets the words!
You regained 3 hp, and now have 6/35 hp.
You're too confused to attack without stumbling around!
You bump into the rock wall.
The orc priest mumbles some strange prayers to Beogh against you.
Beogh smites you!
You die...

#.#.........).....#
#.#.#.###########.#
#.#.#.# #.# ..#.#.# #.#
###.#.# #.###### ..#.#.#
#......# #.#.#.#
######.#
....#.################$#
................@oo....#
...################..###
..## #)># .## #..# ##
#..# #oo# ##### #o.#
....# #..# ###.# ...#


You could see an orc priest and an orc.

Vanquished Creatures
  An orc wizard (D:3)
  3 adders (D:3)
  3 dart slugs
  2 orcs (D:3)
  10 endoplasms
  2 giant cockroaches
  4 goblins (D:1)
  5 hobgoblins
  2 kobolds
  5 quokkas
  2 ball pythons
  2 bats
  4 frilled lizards
  6 rats
51 creatures vanquished.

Notes
Turn   | Place    | Note
-------+----------+-------------------------------------------
     0 | D:1      | Dirtsage the Demonspawn Monk began the quest for the Orb.
     0 | D:1      | Reached XP level 1. HP: 18/18 MP: 1/1
    85 | D:1      | Reached skill level 3 in Long Blades
   126 | D:1      | Found a faded altar of an unknown god.
   287 | D:1      | Gained mutation: You have large cloven feet. [demonic
                  | ancestry]
   287 | D:1      | Reached XP level 2. HP: 24/24 MP: 2/2
   990 | D:2      | Reached XP level 3. HP: 22/29 MP: 3/3
  1153 | D:2      | Reached skill level 4 in Long Blades
  1758 | D:3      | Gained mutation: You have an unusually large brain. (Int
                  | +2) [demonic ancestry]
  1758 | D:3      | Reached XP level 4. HP: 35/35 MP: 4/4
  2065 | D:3      | Reached skill level 5 in Long Blades
  2069 | D:3      | Killed from afar by an orc priest

Illustrated notes

Levels and vault maps discovered:
D:1:      lightli_arrival_isolated_outpost, layout_basic,
          dreamdust_ecumenical_altar_statues, st_stairs_11
D:2:      layout_loops_cross
D:3:      layout_loops_ring

Skill      XL: |  1  2  3  4 |
---------------+-------------+-----
Long Blades    | 3 4 5 |  5.0
Fighting       | |  3.0
Dodging        | |  2.6

Action                     |  1- 3 |  4- 6 || total
---------------------------+-------+-------++-------
  Melee: Falchion          |    92 |    28 ||   120
         Kick              |    25 |     8 ||    33
    Use: Potion            |       |     1 ||     1
 Armour: Robe              |    26 |       ||    26
         Leather armour    |    27 |    13 ||    40
  Dodge: Dodged            |    44 |    11 ||    55

Table legend: (Time is in decaauts)
 A = Elapsed time spent in this place.
 B = Non-inter-level travel time spent in this place.
 C = Inter-level travel time spent in this place.
 D = Time resting spent in this place.
 E = Time spent auto-exploring this place.
 F = Levels seen in this place.
 G = Mean time per level.
                   A        B        C        D        E       F      G
               +--------+--------+--------+--------+--------+-----+--------+
         Total |   2083 |   2059 |     24 |      0 |   1692 |   3 |  694.3 |
       Dungeon |   2083 |   2059 |     24 |      0 |   1692 |   3 |  694.3 |
               +--------+--------+--------+--------+--------+-----+--------+

Top non-repeatable levels by time:
     D:1: 877 daAuts
     D:2: 780 daAuts
     D:3: 426 daAuts
